 Dungeon Crawl Stone Soup version 0.24.1-1-gd1d2a07e1b (webtiles) character file.

Game seed: 389404568983069471, levelgen mode: deterministic

2574 H0rd4k the Cutter (level 9, 0/66 HPs)
             Began as a Human Artificer on Apr 8, 2020.
             Was an Initiate of Gozag.
             Impaled on a porcupine's spines (11 damage)
             ... on level 8 of the Dungeon.
             The game lasted 00:21:00 (10641 turns).

H0rd4k the Cutter (Human Artificer)                Turns: 10641, Time: 00:21:01

Health: 0/66       AC:  4    Str: 16    XL:     9   Next: 88%
Magic:  21/21      EV: 14    Int: 12    God:    Gozag
Gold:   598        SH:  0    Dex: 13    Spells: 8/8 levels left

rFire    . . .     SeeInvis .   H - +2 dagger (venom)
rCold    . . .     Gourm    .   (no shield)
rNeg     . . .     Faith    .   b - +1 leather armour
rPois    .         Spirit   .   (no helmet)
rElec    .         Reflect  .   (no cloak)
rCorr    .         Harm     .   (no gloves)
MR       .....                  (no boots)
Stlth    ++........             (no amulet)
HPRegen  0.21/turn              g - ring of magical power
MPRegen  0.17/turn              (no ring)

@: no status effects
A: no striking features
a: Potion Petition, Call Merchant, Bribe Branch, Renounce Religion


You were on level 8 of the Dungeon.
You worshipped Gozag.
Gozag was pleased with you.
You were not hungry.

You visited 2 branches of the dungeon, and saw 9 of its levels.
You also visited: Sewer.

You collected 676 gold pieces.
You paid 78 gold pieces to Gozag.

Inventory:

Hand Weapons
 j - a +1 short sword of speed
 w - a +0 falchion
 B - a +2 shortbow of flaming
 H - a +2 dagger of venom (weapon)
Missiles
 s - 6 poisoned darts (quivered)
 C - 67 arrows
Armour
 b - a +1 leather armour (worn)
Magical Staves
 z - an uncursed staff of air
Jewellery
 g - a ring of magical power (left hand)
 k - an uncursed amulet of faith {unknown}
 y - a +3 ring of protection {unknown}
 F - an uncursed ring of positive energy {unknown}
 G - a +5 ring of intelligence
Wands
 d - a wand of enslavement (1)
 e - a wand of paralysis (3)
Scrolls
 h - a scroll of noise
 i - 6 scrolls of remove curse
 q - a scroll of teleportation
 u - a scroll of fear
Potions
 c - a potion of flight {unknown}
 l - a potion of brilliance
 m - a potion of cancellation {unknown}
 n - a potion of berserk rage {unknown}
 o - 3 potions of agility
 t - 7 potions of curing
 x - a potion of might
 E - a potion of mutation
Comestibles
 f - 3 rations


   Skills:
 + Level 4.7 Fighting
 + Level 6.7(7.2) Short Blades
 + Level 3.7(5.7) Long Blades
 + Level 2.4 Throwing
 + Level 4.3 Armour
 + Level 4.7 Dodging
 + Level 4.4 Stealth
 + Level 4.5 Evocations


You had 8 spell levels left.
You didn't know any spells.
Your spell library was empty.

Dungeon Overview and Level Annotations

Branches:
Dungeon (8/15)             Temple (1/1) D:5            Lair (0/6) D:8
  Sewer (visited)

Altars:
Ashenzari
Cheibriados
Dithmenos
Fedhas
Gozag
Hepliaklqana
Kikubaaqudgha
Makhleb
Nemelex Xobeh
Okawaru
Qazlal
Ru
Sif Muna
Trog
Uskayaw
Vehumet
Wu Jian
Xom
Yredelemnul
Zin

Shops:
D:4 *   D:5 !

Annotations:
D:1 exclusion: downstairs
D:3 exclusion: downstairs
D:5 exclusion: sky beast
D:7 Dowan


Message History

The porcupine looks as sick as possible!
The porcupine is heavily wounded.
You feel much better. The porcupine closely misses you.
The porcupine bites you!
You are struck by the porcupine's spines.
* * * LOW HITPOINT WARNING * * *
You hit the porcupine.
The porcupine looks as sick as possible!
The porcupine is severely wounded.
You hit the porcupine.
The porcupine looks as sick as possible!
The porcupine is almost dead.
The porcupine misses you.
You barely miss the porcupine.
The porcupine is almost dead.
The porcupine bites you!
* * * LOW HITPOINT WARNING * * *
You are struck by the porcupine's spines.
You die...
Your body crumbles into a pile of gold.

*,,,,,,,* *,,,,,_,**
,,,,,,,,,*******
,,,,⌠,,,,,,,,,,*
,,,,,,,,,****#,###*####*
,,_,,,,,,,,,,#.#!.....,*
*,,,,,,,,,**,#.#.#..#*,*
,,,,,,,,*,*<,#(r.#..##,*
***,**,**,*,,..#@....#,*
*,,*,**,,,,#.#...#.#,*
**,*,******#.#.###.#,*
****,*,*######.#.....#.#***
,,,,,,,,................,>*
**,,,,,**#####....#..#.#*,*
*,*,,*** #.##.#/.#,**,*
**,*,,,,* #.*#.#,.#,,,,*
,,,*,,,,*****#.*#.####*#########


You could see a porcupine.

Vanquished Creatures
  A basilisk (D:8)
  An orc warrior (D:6)
  2 ogres
  A black bear (D:8)
  A phantom (D:5)
  An eye of draining (D:8)
  A necrophage (D:7)
  A centaur (D:5)
  A crocodile (D:8)
  2 big kobolds (Sewer)
  4 bullfrogs
  3 scorpions
  A bullfrog zombie (D:2)
  2 crimson imps
  A centaur zombie (D:8)
  4 hounds
  A bullfrog skeleton (D:4)
  A jelly (D:5)
  7 orc wizards
  A gnoll shaman (D:4)
  A centaur skeleton (D:5)
  Jessica (D:2)
  3 worker ants
  A mummy (D:8)
  5 adders
  3 gnolls
  6 river rats (Sewer)
  3 shadow imps
  3 oozes
  An adder skeleton (D:7)
  5 worms
  2 dart slugs
  3 leopard geckos
  8 orcs
  6 ball pythons
  8 giant cockroaches
  13 goblins
  6 hobgoblins
  8 jackals
  2 quokkas
  4 bats
  3 frilled lizards
  A jackal skeleton (D:5)
  22 kobolds
  25 rats
180 creatures vanquished.

Vanquished Creatures (collateral kills)
  A hound (D:4)
  An orc wizard (D:6)
  2 worker ants
  2 gnolls (D:4)
  5 orcs (D:6)
  A frilled lizard (D:4)
12 creatures vanquished.

Vanquished Creatures (others)
  A scorpion (D:4)
  A hound (D:5)
  2 gnolls
  An adder (Sewer)
  A kobold (Sewer)
  5 bushes (D:8)
  5 fungi (D:8)
  17 plants (D:8)
33 creatures vanquished.

Grand Total: 225 creatures vanquished

Notes
Turn   | Place    | Note
-------+----------+-------------------------------------------
     0 | D:1      | H0rd4k the Human Artificer began the quest for the Orb.
     0 | D:1      | Reached XP level 1. HP: 15/15 MP: 3/3
   122 | D:1      | Reached XP level 2. HP: 7/21 MP: 4/4
   549 | D:1      | Reached XP level 3. HP: 22/26 MP: 5/5
  1250 | D:2      | Reached XP level 4. HP: 26/32 MP: 6/6
  1346 | D:2      | Reached skill level 2 in Short Blades
  1484 | D:2      | Reached skill level 1 in Armour
  1690 | D:2      | Noticed Jessica
  1697 | D:2      | Killed Jessica
  1697 | D:2      | Reached XP level 5. HP: 22/37 MP: 7/7
  1906 | D:2      | Reached skill level 3 in Short Blades
  3511 | D:4      | Reached XP level 6. HP: 39/43 MP: 8/8
  4214 | D:4      | Reached XP level 7. HP: 18/50 MP: 10/10
  4290 | D:4      | Reached skill level 1 in Long Blades
  4376 | D:4      | Found Wits's Mayhem Merchandise.
  4573 | D:5      | Entered Level 5 of the Dungeon
  4573 | D:5      | Found Piycid's Distillery.
  4825 | D:5      | Found a glowing drain.
  4907 | Sewer    | Entered a sewer
  5735 | Sewer    | Reached XP level 8. HP: 29/57 MP: 11/11
  7262 | D:5      | Reached skill level 4 in Short Blades
  7986 | D:5      | Reached skill level 1 in Throwing
  8094 | D:5      | Found a staircase to the Ecumenical Temple.
  8184 | Temple   | Entered the Ecumenical Temple
  8197 | Temple   | Became a worshipper of Gozag Ym Sagoz the Greedy
  8627 | D:6      | Reached XP level 9. HP: 39/65 MP: 12/12
  8877 | D:6      | Reached skill level 5 in Short Blades
  9754 | D:7      | Noticed Dowan
  9839 | D:7      | Found a sparkling altar of Nemelex Xobeh.
  9839 | D:7      | Found a hide-covered altar of Uskayaw.
  9839 | D:7      | Found a shadowy altar of Dithmenos.
  9840 | D:7      | Found a blossoming altar of Fedhas.
  9841 | D:7      | Noticed a gargoyle
  9897 | D:8      | Found a snail-covered altar of Cheibriados.
  9947 | D:8      | Reached skill level 6 in Short Blades
 10641 | D:8      | Impaled on a porcupine's spines

Levels and vault maps discovered:
D:1:      onia_arrival_pyramid, layout_basic, minmay_misc_feat_hallway,
          minmay_worlds_worst_comb
D:2:      layout_basic, uniq_jessica
D:3:      layout_basic, first_ration
D:4:      layout_gridville, minmay_shop_mayhem, minmay_diced_spiral
D:5:      layout_gridville, lemuel_temple_firewalk_a, serial_shops, shop,
          cheibrodos_sewer_entry_bend
D:6:      layout_cave_pools
D:7:      minmay_opposing_rooms, layout_cave_pools,
          chequers_temple_overflow_statue_of_worship, serial_co_window_serial,
          co_window_of_opportunity_a, co_window_paths_a, co_window_paths_a,
          co_window_of_opportunity_a, co_window_corner_a, co_window_corner_a,
          co_window_unsneaky_path_c, co_window_2corner, co_window_broadway_b,
          co_window_of_opportunity_b, co_window_paths_c, co_window_corner_ca,
          co_window_4corner_b, co_window_paths_d, glass_columns_a,
          glass_columns_a, glass_columns_b, glass_columns_a, glass_columns_a,
          the_bakery, kennysheep_another_room, uniq_duvessa
D:8:      layout_basic, slow_altar_1, grunt_temple_overflow_open,
          minmay_lair_entry_grove
Temple:   minmay_freezing_vapour_temple

Skill      XL: |  1  2  3  4  5  6  7  8  9 |
---------------+----------------------------+-----
Short Blades   | 2 3 4 6 |  6.7
Armour         | 1 2 3 4 |  4.3
Dodging        | 3 4 |  4.7
Fighting       | 2 3 4 |  4.7
Evocations     | 4 |  4.5
Long Blades    | 3 |  3.7
Stealth        | 3 4 |  4.4
Throwing       | 1 2 |  2.4

Action                   |  1- 3 |  4- 6 |  7- 9 || total
-------------------------+-------+-------+-------++-------
Melee: Short sword       |   133 |   186 |   327 ||   646
       Falchion          |       |    39 |   227 ||   266
       Dagger            |       |       |    83 ||    83
Throw: Dart              |       |       |    48 ||    48
Evoke: Wand              |     2 |    27 |    22 ||    51
  Use: Potion            |       |     2 |     8 ||    10
       Scroll            |       |       |    12 ||    12
 Stab: Sleeping          |     4 |     2 |     1 ||     7
       Distracted        |       |     1 |     2 ||     3
       Paralysed         |       |       |    10 ||    10
  Eat: Chunk             |     1 |     9 |     5 ||    15
       Ration            |       |       |     5 ||     5
Armor: Leather armour    |    36 |    33 |    76 ||   145
Dodge: Dodged            |    91 |   157 |   280 ||   528
       Rpst.: Falchion   |       |    17 |    41 ||    58
